 Dungeon Crawl Stone Soup version 0.23.2-1-ga50397a (webtiles) character file.

Game seed: 3547472036559884875

1166 diana the Twirler (level 8, 0/61 HPs)
             Began as a Demonspawn Gladiator on May 20, 2019.
             Was a Follower of Okawaru.
             Slain by a phantom (3 damage)
             ... on level 6 of the Dungeon.
             The game lasted 00:07:12 (4747 turns).

diana the Twirler (Demonspawn Gladiator)            Turns: 4747, Time: 00:07:13

Health: 0/61       AC:  8    Str: 17    XL:     8   Next: 17%
Magic:  0/8        EV: 21    Int: 11    God:    Okawaru [*.....]
Gold:   254        SH:  0    Dex: 15    Spells: 7/7 levels left

rFire    . . .     SeeInvis .   a - +0 quarterstaff
rCold    . . .     Gourm    .   (shield currently unavailable)
rNeg     . . .     Faith    .   m - +0 ring mail
rPois    .         Spirit   +   w - +1 helmet
rElec    .         Reflect  .   (no cloak)
rCorr    .         Harm     .   (no gloves)
MR       .....                  (no boots)
Stlth    +.........             (no amulet)
HPRegen  0.20/turn              i - +6 ring of evasion
MPRegen  0.11/turn              v - +2 ring of intelligence

@: no status effects
A: claws 2, repulsion field 1, powered by death 2, magic shield
a: Heroism, Renounce Religion


You were on level 6 of the Dungeon.
You worshipped Okawaru.
Okawaru was aware of your devotion.
You were near starving.

You visited 2 branches of the dungeon, and saw 8 of its levels.

You collected 254 gold pieces.

Inventory:

Hand Weapons
 a - a +0 quarterstaff (weapon)
Missiles
 d - 3 throwing nets (quivered)
 o - 7 javelins of penetration
Armour
 m - a +0 ring mail (worn)
 w - a +1 helmet (worn)
Jewellery
 i - a +6 ring of evasion (left claw)
 v - a +2 ring of intelligence (right claw)
Scrolls
 e - 2 scrolls of noise {unknown}
 g - 2 scrolls of fear
 n - a scroll of magic mapping {unknown}
 q - 2 scrolls of remove curse {unknown}
 r - a scroll of random uselessness {unknown}
Potions
 h - a potion of ambrosia {unknown}
 j - 5 potions of brilliance
 k - 2 potions of might
 p - a potion of cancellation {unknown}
 s - a potion of curing {unknown}
 t - a potion of lignification {unknown}
Comestibles
 f - 13 rations


   Skills:
 + Level 4.7 Fighting
 * Level 6.2 Staves
 - Level 1.7 Throwing
 + Level 3.7 Armour
 + Level 4.7 Dodging


You had 7 spell levels left.
You didn't know any spells.
Your spell library contained the following spells:

 Spells                   Type           Power        Failure   Level  Hunger
 Sandblast                Erth           #.....       52%         1    ##.....
 Sting                    Conj/Pois      #...         52%         1    ##.....
 Passwall                 Tmut/Erth      #.......     67%         2    ###....
 Poisonous Vapours        Pois/Air       #.....       67%         2    ###....
 Mephitic Cloud           Conj/Pois/Air  #.......     88%         3    ####...
 Stone Arrow              Conj/Erth      #.....       88%         3    ####...
 Olgreb's Toxic Radiance  Pois           #.......     99%         4    #####..
 Petrify                  Tmut/Erth      #.......     99%         4    #####..
 Lee's Rapid Deconstruct  Erth           #.........   100%        5    ######.
 Venom Bolt               Conj/Pois      #.........   100%        5    ######.


Dungeon Overview and Level Annotations

Branches:
Dungeon (7/15)             Temple (1/1) D:5

Altars:
Ashenzari
Dithmenos
Elyvilon
Fedhas
Kikubaaqudgha
Nemelex Xobeh
Okawaru
Qazlal
Sif Muna
Vehumet
Xom
Yredelemnul

Annotations:
D:5 2 transporters, Menkaure


Innate Abilities, Weirdness & Mutations

You have very sharp fingernails.
You are surrounded by a mild repulsion field. (EV +2)
You regenerate health from kills.
When hurt, damage is shared between your health and your magic reserves.


Message History

You are too injured to fight recklessly!
You are too injured to fight recklessly!
You are too injured to fight recklessly!
You are too injured to fight recklessly!
You are too injured to fight recklessly!
You are too injured to fight recklessly!
You are too injured to fight recklessly!
You are too injured to fight recklessly!
The phantom hits you but does no damage.
The big kobold misses you. The orc warrior completely misses you.
The phantom misses you.
The big kobold hits you with a +0 short sword.
The orc warrior misses you. The phantom misses you.
The big kobold hits you with a +0 short sword.
The phantom closely misses you.
The orc warrior hits you with a +0 glaive!!
* * * LOW HITPOINT WARNING * * *
The big kobold hits you but does no damage.
The phantom hits you.
You die...

############
#.........@###
#.##.....KoW.#######
#.##.........'.....(
#.##....(....###########
#.##.........##..........
#.######'##.............#
#.# #....##.###.#######.#
#.# #.##.##.# #.#...<.#.#
######'#####.#
#o#.....#.#


You could see a phantom, an orc warrior and a big kobold.

Vanquished Creatures
  A water moccasin (D:6)
  An ice beast (D:6)
  A black bear (D:7)
  A phantom (D:6)
  2 ogres
  4 howler monkeys
  The ghost of Magicfruit the Magician, a weakling HuWz (D:3)
  A crimson imp (D:5)
  A jelly (D:6)
  A centaur skeleton (D:6)
  3 iguanas
  An orc wizard (D:3)
  4 worker ants
  5 adders
  An ooze (D:3)
  6 worms
  3 dart slugs
  4 leopard geckos
  5 orcs
  2 ball pythons
  2 giant cockroaches (D:3)
  10 goblins
  6 hobgoblins
  10 jackals
  4 kobolds
  A quokka (D:2)
  5 bats
  4 frilled lizards
  5 rats
95 creatures vanquished.

Notes
Turn   | Place    | Note
-------+----------+-------------------------------------------
     0 | D:1      | diana the Demonspawn Gladiator began the quest for the Orb.
     0 | D:1      | Reached XP level 1. HP: 16/16 MP: 1/1
   113 | D:1      | Gained mutation: You have sharp fingernails. [demonic
                  | ancestry]
   113 | D:1      | Reached XP level 2. HP: 20/22 MP: 2/2
   219 | D:1      | Reached skill level 3 in Staves
   962 | D:2      | Gained mutation: You have very sharp fingernails. [demonic
                  | ancestry]
   962 | D:2      | Reached XP level 3. HP: 25/28 MP: 3/3
   986 | D:2      | Found a shadowy altar of Dithmenos.
  1033 | D:2      | Reached skill level 1 in Armour
  1157 | D:2      | Found a blossoming altar of Fedhas.
  1277 | D:3      | Noticed an ogre
  1416 | D:2      | Gained mutation: When hurt, damage is shared between your
                  | health and your magic reserves. [demonic ancestry]
  1416 | D:2      | Reached XP level 4. HP: 31/34 MP: 4/4
  1489 | D:3      | Noticed Magicfruit's ghost (weakling HuWz)
  1490 | D:3      | Found a runed translucent door.
  1525 | D:3      | Found a radiant altar of Vehumet.
  1603 | D:3      | Killed an ogre
  1603 | D:3      | Reached skill level 4 in Staves
  1603 | D:3      | Gained mutation: You are surrounded by a mild repulsion
                  | field. (EV +2) [demonic ancestry]
  1603 | D:3      | Reached XP level 5. HP: 41/41 MP: 5/5
  2046 | D:4      | Gained mutation: You regenerate a little health from kills.
                  | [demonic ancestry]
  2046 | D:4      | Reached XP level 6. HP: 40/47 MP: 6/6
  2781 | D:5      | Entered Level 5 of the Dungeon
  2781 | D:5      | Found a transporter.
  2824 | D:5      | Found an ancient bone altar of Kikubaaqudgha.
  2826 | D:5      | Noticed Menkaure
  2828 | D:5      | Found a basalt altar of Yredelemnul.
  2861 | D:5      | Reached skill level 5 in Staves
  2868 | D:5      | Found a transporter.
  2911 | D:5      | Reached XP level 7. HP: 53/53 MP: 7/7
  3182 | D:5      | Found a staircase to the Ecumenical Temple.
  3410 | Temple   | Entered the Ecumenical Temple
  3490 | Temple   | Became a worshipper of Warmaster Okawaru
  3563 | D:5      | Found a stormy altar of Qazlal.
  3696 | D:3      | Killed Magicfruit's ghost
  4118 | D:6      | Reached * piety under Okawaru
  4263 | D:7      | Reached skill level 6 in Staves
  4263 | D:7      | Gained mutation: You regenerate health from kills. [demonic
                  | ancestry]
  4263 | D:7      | Reached XP level 8. HP: 26/61 MP: 4/8
  4746 | D:6      | HP: 3/61 [orc warrior/+0 glaive (20)]
  4747 | D:6      | Slain by a phantom

Skill      XL: |  1  2  3  4  5  6  7 |
---------------+----------------------+-----
Staves         | 3 4 5 6 |  6.2
Dodging        | 3 4 |  4.7
Armour         | 1 2 3 |  3.7
Fighting       | 3 4 |  4.7
Throwing       | |  1.7

Action                   |  1- 3 |  4- 6 |  7- 9 || total
-------------------------+-------+-------+-------++-------
Melee: Quarterstaff      |   114 |   145 |   194 ||   453
Invok: Heroism           |       |       |     1 ||     1
  Use: Scroll            |       |       |     6 ||     6
  Eat: Chunk             |     1 |     6 |     4 ||    11
Armor: Leather armour    |     8 |       |       ||     8
       Ring mail         |    24 |    20 |    52 ||    96
Dodge: Dodged            |   134 |   128 |   295 ||   557
